[ PARTIDA AOE2 · #504694466 ]
UnrankedChinos vs Spanish
Equipo del jugador · VICT
Equipo rival · DERR
[ ANÁLISIS DE REPETICIÓN · EXTRAÍDO DE LA PARTIDA GRABADA ]
Feudal
8:42
Castillos
21:06
Imperial
—
| APM promedio | 60.5 |
| APM pico | 101 |
| eAPM promedio | 26.2 |
| Aldeanos / militares | 53 / 32 |
Foco
⚔️ 53.1% · 🌾 46.9%
Archer ×29 · Scout Cavalry ×3
Feudal
11:23
Castillos
15:12
Imperial
—
| APM promedio | 68.6 |
| APM pico | 106 |
| eAPM promedio | 24.5 |
| Aldeanos / militares | 47 / 14 |
Foco
⚔️ 34.3% · 🌾 65.7%
Conquistador ×14
Mapa de la partida
Recursos iniciales + cada clic de construcción. Líneas = muros · curvas = relieve. ◆ oro · ⬟ piedra · ● bayas · ✦ reliquia · ◌ hueco del cierre
Tu base· Abierta — hueco de 7t
Base de tushen· Abierta — hueco de 8t
Terreno inicial suavizado · ◌ = hueco del cierre detectado · pasá el cursor para detalles
Inputs por minuto
— Dennis哥 - - tushen
Build order — Dennis哥
Primeras 150 de 152 acciones detectadas
| 0:01 | Investigar | Loom |
| 0:39 | Crear | Villager (Male) |
| 0:39 | Crear | Villager (Male) |
| 1:06 | Crear | Villager (Male) |
| 1:06 | Crear | Villager (Male) |
| 1:26 | Crear | Villager (Male) |
| 1:33 | Construir | Lumber Camp |
| 1:57 | Crear | Villager (Male) |
| 2:18 | Crear | Villager (Male) |
| 2:40 | Crear | Villager (Male) |
| 3:07 | Crear | Villager (Male) |
| 3:08 | Crear | Villager (Male) |
| 3:24 | Construir | House |
| 3:33 | Crear | Villager (Male) |
| 3:42 | Construir | House |
| 3:55 | Crear | Villager (Male) |
| 3:56 | Crear | Villager (Male) |
| 4:28 | Construir | House |
| 4:50 | Crear | Villager (Male) ×2 |
| 5:29 | Construir | Mill |
| 5:36 | Crear | Villager (Male) |
| 5:47 | Crear | Villager (Male) |
| 5:47 | Crear | Villager (Male) |
| 6:27 | Construir | Lumber Camp |
| 6:30 | Investigar | Feudal Age |
| 7:20 | Construir | House |
| 7:40 | Construir | Barracks |
| 7:53 | Crear | Villager (Male) |
| 8:42 | Edad | Edad Feudal |
| 8:43 | Construir | Stable |
| 8:45 | Investigar | Double-Bit Axe |
| 8:52 | Crear | Villager (Male) |
| 9:25 | Crear | Scout Cavalry |
| 9:27 | Crear | Villager (Male) |
| 9:31 | Construir | Archery Range |
| 9:54 | Crear | Scout Cavalry |
| 10:00 | Crear | Villager (Male) |
| 10:19 | Crear | Villager (Male) |
| 10:26 | Construir | Mining Camp |
| 10:28 | Crear | Archer |
| 10:43 | Crear | Scout Cavalry |
| 10:48 | Construir | Farm |
| 10:50 | Construir | Farm |
| 11:03 | Crear | Villager (Male) |
| 11:09 | Crear | Archer |
| 11:12 | Construir | Farm |
| 11:27 | Construir | House |
| 11:28 | Construir | House |
| 11:30 | Crear | Villager (Male) |
| 11:35 | Construir | Farm |
| 11:36 | Construir | Farm |
| 11:55 | Crear | Villager (Male) |
| 11:56 | Construir | Archery Range |
| 12:01 | Construir | Archery Range |
| 12:16 | Construir | Watch Tower |
| 12:20 | Crear | Archer |
| 12:21 | Crear | Villager (Male) |
| 12:33 | Construir | Mining Camp |
| 12:34 | Crear | Villager (Male) |
| 12:44 | Crear | Archer |
| 12:45 | Crear | Villager (Male) |
| 12:49 | Construir | Farm |
| 13:09 | Crear | Villager (Male) |
| 13:13 | Crear | Archer |
| 13:27 | Crear | Villager (Male) |
| 13:29 | Construir | Blacksmith |
| 13:32 | Construir | House |
| 13:47 | Crear | Archer |
| 13:56 | Crear | Archer |
| 14:04 | Crear | Villager (Male) |
| 14:17 | Crear | Archer |
| 14:20 | Investigar | Fletching |
| 14:20 | Investigar | Fletching |
| 14:28 | Construir | Farm |
| 14:38 | Crear | Archer |
| 14:47 | Construir | Farm |
| 14:51 | Construir | Watch Tower |
| 15:12 | Crear | Villager (Male) |
| 15:17 | Construir | Farm |
| 15:30 | Crear | Archer |
| 15:39 | Crear | Villager (Male) |
| 15:47 | Construir | Farm |
| 15:56 | Construir | Watch Tower |
| 16:03 | Crear | Villager (Male) |
| 16:07 | Crear | Archer |
| 16:10 | Construir | Farm |
| 16:15 | Construir | House |
| 16:16 | Construir | House |
| 16:24 | Crear | Villager (Male) |
| 16:34 | Construir | Market |
| 16:42 | Crear | Villager (Male) |
| 17:25 | Crear | Villager (Male) |
| 17:36 | Crear | Archer |
| 17:37 | Crear | Archer |
| 17:39 | Construir | Farm |
| 17:41 | Construir | Farm |
| 17:42 | Construir | Farm |
| 17:51 | Crear | Villager (Male) |
| 18:21 | Construir | Watch Tower |
| 18:26 | Investigar | Castle Age |
| 18:26 | Investigar | Castle Age |
| 18:48 | Crear | Archer |
| 19:02 | Construir | House |
| 19:09 | Crear | Archer |
| 19:09 | Crear | Archer |
| 19:12 | Investigar | Gold Mining |
| 19:41 | Construir | House |
| 19:45 | Construir | Palisade Wall |
| 19:56 | Crear | Archer |
| 19:56 | Crear | Archer |
| 19:58 | Crear | Villager (Male) |
| 20:16 | Crear | Villager (Male) |
| 20:26 | Crear | Archer |
| 20:30 | Construir | Archery Range |
| 21:06 | Edad | Edad de los Castillos |
| 21:09 | Investigar | Crossbowman (upgrade) |
| 21:10 | Investigar | Bodkin Arrow |
| 21:10 | Investigar | Bodkin Arrow |
| 21:12 | Crear | Villager (Male) |
| 21:15 | Construir | University |
| 21:38 | Crear | Archer |
| 21:49 | Crear | Villager (Male) |
| 22:10 | Crear | Villager (Male) |
| 22:14 | Construir | Outpost |
| 22:17 | Investigar | Ballistics |
| 22:20 | Investigar | Padded Archer Armor |
| 22:20 | Crear | Archer |
| 22:24 | Crear | Villager (Male) |
| 22:43 | Construir | Watch Tower |
| 22:50 | Construir | Watch Tower |
| 22:55 | Crear | Villager (Male) |
| 23:04 | Crear | Archer |
| 23:04 | Crear | Archer |
| 23:04 | Crear | Archer |
| 23:10 | Crear | Villager (Male) |
| 23:23 | Crear | Villager (Male) |
| 23:40 | Crear | Archer |
| 23:40 | Crear | Archer |
| 23:42 | Construir | Lumber Camp |
| 23:48 | Crear | Villager (Male) |
| 24:02 | Crear | Villager (Male) |
| 24:25 | Crear | Villager (Male) |
| 24:28 | Crear | Archer |
| 24:28 | Crear | Archer |
| 24:28 | Crear | Archer |
| 24:49 | Crear | Villager (Male) |
| 25:07 | Crear | Villager (Male) |
| 25:11 | Construir | Palisade Wall |
| 25:12 | Construir | Palisade Wall |
| 25:12 | Construir | Palisade Wall |
Build order — tushen
121 acciones detectadas en el replay
| 0:02 | Crear | Villager (Male) ×4 |
| 0:02 | Crear | Villager (Male) ×4 |
| 0:02 | Construir | House |
| 0:28 | Construir | House |
| 1:33 | Crear | Villager (Male) |
| 1:50 | Crear | Villager (Male) |
| 1:52 | Construir | Lumber Camp |
| 2:22 | Crear | Villager (Male) |
| 2:41 | Crear | Villager (Male) |
| 3:05 | Crear | Villager (Male) |
| 3:38 | Crear | Villager (Male) |
| 3:50 | Construir | House |
| 3:54 | Construir | House |
| 3:58 | Crear | Villager (Male) |
| 4:08 | Construir | House |
| 4:23 | Crear | Villager (Male) |
| 4:24 | Crear | Villager (Male) |
| 4:24 | Crear | Villager (Male) |
| 4:48 | Construir | Palisade Wall |
| 4:49 | Construir | Palisade Wall |
| 5:11 | Crear | Villager (Male) |
| 5:12 | Crear | Villager (Male) |
| 5:13 | Crear | Villager (Male) |
| 5:13 | Crear | Villager (Male) |
| 5:18 | Construir | Mining Camp |
| 5:39 | Crear | Villager (Male) |
| 5:53 | Construir | Palisade Wall |
| 5:55 | Construir | Palisade Wall |
| 5:57 | Construir | Palisade Wall |
| 6:04 | Construir | Mill |
| 6:21 | Construir | Palisade Wall |
| 6:23 | Crear | Villager (Male) |
| 6:29 | Crear | Villager (Male) |
| 6:30 | Crear | Villager (Male) |
| 6:33 | Construir | Palisade Wall |
| 6:34 | Construir | Palisade Wall |
| 6:37 | Construir | Palisade Wall |
| 6:59 | Construir | House |
| 7:01 | Construir | Palisade Wall |
| 7:09 | Crear | Villager (Male) |
| 7:10 | Crear | Villager (Male) |
| 7:16 | Construir | House |
| 7:18 | Construir | Palisade Wall |
| 7:20 | Construir | Palisade Wall |
| 7:58 | Construir | Palisade Wall |
| 8:02 | Crear | Villager (Male) |
| 8:02 | Crear | Villager (Male) |
| 8:03 | Crear | Villager (Male) |
| 8:03 | Crear | Villager (Male) |
| 8:06 | Construir | Mining Camp |
| 8:21 | Construir | Farm |
| 8:23 | Construir | Farm |
| 8:48 | Investigar | Loom |
| 8:49 | Investigar | Loom |
| 9:12 | Investigar | Feudal Age |
| 9:12 | Investigar | Feudal Age |
| 9:12 | Investigar | Feudal Age |
| 10:58 | Construir | Palisade Wall |
| 10:59 | Construir | Palisade Wall |
| 11:23 | Edad | Edad Feudal |
| 11:28 | Construir | Market |
| 11:29 | Construir | Blacksmith |
| 12:32 | Investigar | Castle Age |
| 12:32 | Investigar | Castle Age |
| 12:32 | Investigar | Castle Age |
| 13:04 | Construir | House |
| 13:11 | Construir | House |
| 13:42 | Construir | House |
| 13:45 | Construir | House |
| 13:51 | Investigar | Double-Bit Axe |
| 14:19 | Construir | House |
| 14:22 | Construir | House |
| 15:00 | Construir | Farm |
| 15:04 | Construir | House |
| 15:12 | Edad | Edad de los Castillos |
| 15:21 | Construir | Stone Wall |
| 15:31 | Construir | Castle |
| 15:34 | Crear | Villager (Male) |
| 15:34 | Crear | Villager (Male) |
| 15:51 | Crear | Villager (Male) |
| 15:54 | Construir | House |
| 16:07 | Construir | House |
| 16:35 | Construir | Stone Wall |
| 16:50 | Construir | Farm |
| 17:00 | Crear | Conquistador |
| 17:00 | Crear | Conquistador |
| 17:22 | Crear | Conquistador |
| 17:32 | Construir | Farm |
| 17:34 | Construir | Farm |
| 17:49 | Construir | Stone Wall |
| 18:38 | Crear | Conquistador |
| 18:39 | Crear | Conquistador |
| 19:00 | Crear | Conquistador |
| 19:00 | Crear | Conquistador |
| 19:20 | Construir | Mining Camp |
| 19:22 | Crear | Conquistador |
| 19:23 | Crear | Conquistador |
| 20:13 | Crear | Conquistador |
| 20:13 | Crear | Conquistador |
| 20:31 | Crear | Conquistador |
| 21:05 | Crear | Conquistador |
| 21:26 | Construir | Watch Tower |
| 21:29 | Crear | Villager (Male) |
| 21:53 | Construir | Watch Tower |
| 21:55 | Crear | Villager (Male) |
| 21:55 | Crear | Villager (Male) |
| 22:12 | Crear | Villager (Male) |
| 22:15 | Construir | Outpost |
| 23:12 | Construir | Outpost |
| 23:13 | Crear | Villager (Male) |
| 23:13 | Crear | Villager (Male) |
| 23:14 | Crear | Villager (Male) |
| 23:14 | Crear | Villager (Male) |
| 23:17 | Construir | Watch Tower |
| 23:38 | Crear | Conquistador |
| 23:42 | Construir | Watch Tower |
| 24:25 | Construir | Mining Camp |
| 24:31 | Crear | Villager (Male) |
| 25:16 | Crear | Villager (Male) |
| 25:16 | Crear | Villager (Male) |
| 25:17 | Crear | Villager (Male) |
Cronología de la partida
| 4:48 | tushen · wall_segment Palisade Wall x3 |
| 4:49 | tushen · wall_segment Palisade Wall x1 |
| 5:53 | tushen · wall_segment Palisade Wall x1 |
| 5:55 | tushen · wall_segment Palisade Wall x2 |
| 5:57 | tushen · wall_segment Palisade Wall x1 |
| 6:21 | tushen · wall_segment Palisade Wall x6 |
| 6:33 | tushen · wall_segment Palisade Wall x3 |
| 6:34 | tushen · wall_segment Palisade Wall x1 |
| 6:37 | tushen · wall_segment Palisade Wall x9 |
| 7:01 | tushen · wall_segment Palisade Wall x5 |
| 7:18 | tushen · wall_segment Palisade Wall x1 |
| 7:20 | tushen · wall_segment Palisade Wall x1 |
| 7:40 | Dennis哥 · first_building Barracks |
| 7:58 | tushen · wall_segment Palisade Wall x1 |
| 8:42 | Dennis哥 · age_up feudal |
| 8:43 | Dennis哥 · first_building Stable |
| 9:31 | Dennis哥 · first_building Archery Range |
| 10:58 | tushen · wall_segment Palisade Wall x1 |
| 10:59 | tushen · wall_segment Palisade Wall x1 |
| 11:23 | tushen · age_up feudal |
| 12:22 | tushen · first_market_buy 500 food |
| 12:24 | tushen · first_market_sell 500 wood |
| 15:12 | tushen · age_up castle |
| 15:21 | tushen · wall_segment Stone Wall x1 |
| 15:31 | tushen · first_building Castle |
| 16:35 | tushen · wall_segment Stone Wall x1 |
| 17:49 | Dennis哥 · first_market_buy 100 food |
| 17:49 | tushen · wall_segment Stone Wall x1 |
| 18:14 | Dennis哥 · first_market_sell 100 wood |
| 19:45 | Dennis哥 · wall_segment Palisade Wall x1 |
| 21:06 | Dennis哥 · age_up castle |
| 25:11 | Dennis哥 · wall_segment Palisade Wall x1 |
| 25:12 | Dennis哥 · wall_segment Palisade Wall x1 |
| 25:12 | Dennis哥 · wall_segment Palisade Wall x1 |
| 25:13 | Dennis哥 · wall_segment Palisade Wall x1 |
| 25:25 | tushen · resign |
[ ANÁLISIS IA · 1 CRÉDITO ]
¿Qué pasó realmente en esta partida?
Wolo.gg analiza cada decisión: build order, eco, micro, errores típicos por bracket. Análisis personalizado por WhatsApp o Discord en 30 segundos.
Guía civ
Chinos
Perfil
Jugador #2912198